 Dungeon Crawl Stone Soup version 0.18-a0-1203-gbde16db (webtiles) character file.

435 M4edhros the Sneak (level 7, -1/43 HPs)
             Began as an Octopode Artificer on Jan 31, 2016.
             Was an Initiate of Fedhas.
             Succumbed to poison (poison gas)
             ... on level 4 of the Dungeon.
             The game lasted 00:04:31 (3007 turns).

M4edhros the Sneak (Octopode Artificer)             Turns: 3007, Time: 00:04:33

Health: -1/43      AC:  1    Str: 17    XL:     7   Next: 0%
Magic:  10/10      EV: 14    Int: 16    God:    Fedhas [......]
Gold:   259        SH:  0    Dex: 13    Spells: 1 memorised, 4 levels left

rFire  + . .     SeeInvis +     j - +3 short sword (vamp)
rCold  + . .     Gourm    .     (no shield)
rNeg   . . .     Faith    .     (helmet restricted)
rPois  .         Spirit   .     r - amulet of rage
rElec  .         Dismiss  .     q - ring of wizardry
rCorr  .         Reflect  .     s - ring of protection from cold
SustAt .         Harm     .     v - ring of fire
MR     .....     Clarity  +     (no ring)
Stlth  +++++.....               (no ring)
                                (no ring)
                                (no ring)
                                (no ring)

@: mighty, lethally poisoned (-1 -> -83), very slightly contaminated, not
resistant to hostile enchantments, quite stealthy
A: almost no armour, amphibious, 8 rings, constrict 8, camouflage 1, see
invisible, clarity, cold resistance 1, strong 1, gelatinous body 1
a: Renounce Religion, Evoke Berserk Rage


You were on level 4 of the Dungeon.
You worshipped Fedhas.
Fedhas was noncommittal.
You were not hungry.

You visited 2 branches of the dungeon, and saw 5 of its levels.

You collected 259 gold pieces.

Inventory:

Hand Weapons
 a - a +0 short sword
 j - a +3 vampiric short sword (weapon)
Missiles
 f - 71 stones (quivered)
 h - 101 sling bullets
Jewellery
 q - a ring of wizardry (left tentacle)
 r - an amulet of rage (around mantle)
 s - a ring of protection from cold (right tentacle)
 v - a ring of fire (on tentacle)
Wands
 b - a wand of flame (15/48)
 c - a wand of enslavement (15/24)
 d - a wand of random effects (15/48)
 p - a wand of teleportation (5/9)
 w - a wand of flame (17/48)
Scrolls
 e - a scroll of recharging {unknown}
 g - a scroll of random uselessness {unknown}
 y - a scroll of noise {unknown}
Potions
 m - a potion of flight {unknown}
 n - a potion of brilliance {unknown}
 u - a potion of poison {unknown}
Books
 x - a book of Air

   Spells                             Type                      Level
   a - Shock                          Conjuration/Air              1
   b - Swiftness                      Charms/Air                   2
   c - Repel Missiles                 Charms/Air                   2
   d - Static Discharge               Conjuration/Air              3
   e - Lightning Bolt                 Conjuration/Air              5
Comestibles
 k - 3 beef jerkies
 o - 3 bread rations
 t - a fruit
 z - 2 slices of pizza


   Skills:
 - Level 1.0 Fighting
 - Level 1.0 Short Blades
 * Level 4.6 Dodging
 * Level 6.3 Stealth
 + Level 1.2 Invocations
 + Level 4.7 Evocations


You had 4 spell levels left.
You knew the following spells:

 Your Spells              Type           Power        Failure   Level  Hunger
a - Repel Missiles        Chrm/Air       #.....       16%         2    ###....


Dungeon Overview and Level Annotations

Branches:
Dungeon (4/15)             Temple (1/1) D:4

Altars:
Dithmenos
Fedhas
Kikubaaqudgha
Makhleb
Nemelex Xobeh
Okawaru
Pakellas
Sif Muna
Vehumet
Xom
Yredelemnul
Zin
The Shining One


Innate Abilities, Weirdness & Mutations

You cannot wear most types of armour.
You are amphibious.
You can wear up to eight rings at the same time.
You can use your tentacles to constrict eight enemies at once.
Your skin changes colour to match your surroundings (Stealth).
Your rubbery body absorbs attacks (AC +1).
You have supernaturally acute eyesight.
You possess an exceptional clarity of mind.
Your flesh is cold resistant.
Your muscles are strong. (Str +2)


Message History

* * * LOW HITPOINT WARNING * * *
You feel very sick.
Drink which item? (? for menu, Esc to quit)
It was a potion of mutation.
You feel extremely strange.
You feel stronger.
Your vision sharpens.
Your thoughts seem clearer.
You are engulfed in poison gas.
You are more poisoned.
* * * LOW HITPOINT WARNING * * *
You feel less confused.
* * * LOW HITPOINT WARNING * * *
You feel very sick.
Drink which item? (? for menu, Esc to quit)
It was a potion of might.
You feel very mighty all of a sudden.
You are engulfed in poison gas.
You are more poisoned.
* * * LOW HITPOINT WARNING * * *
You die...
Xom cackles wildly!
Fedhas appreciates your contribution to the ecosystem.

##.######''####
#.........#
##..#####.##
###..## #..# ....##
##.# ### .##.##
##.# ##§# ###..#
###..#####§##
#..####.....§§#§§.#
##.##......###@§###
# #....###..# ##§#
####..####..## ###
......####.##
..#.###...## ....#
##### #####


There were no monsters in sight!

Vanquished Creatures
  A giant frog (D:4)
  A scorpion (D:4)
  A hound (D:4)
  2 orc wizards (D:4)
  Ijyb (D:3)
  Jessica (D:3)
  Natasha (D:3)
  A worker ant (D:4)
  A hound skeleton (D:4)
  6 adders
  An ooze (D:4)
  2 worms (D:2)
  2 giant geckos
  4 orcs (D:4)
  2 ball pythons
  4 giant cockroaches
  3 goblins
  4 hobgoblins
  7 kobolds
  2 quokkas
  9 bats
  A giant newt (D:3)
  A quokka skeleton (D:4)
  6 rats
64 creatures vanquished.

Vanquished Creatures (others)
  17 toadstools
17 creatures vanquished.

Grand Total: 81 creatures vanquished

Notes
Turn   | Place    | Note
--------------------------------------------------------------
     0 | D:1      | M4edhros the Octopode Artificer began the quest for the Orb.
     0 | D:1      | Reached XP level 1. HP: 13/13 MP: 3/3
   234 | D:1      | Reached XP level 2. HP: 18/18 MP: 4/4
   457 | D:2      | Reached XP level 3. HP: 23/23 MP: 5/5
   622 | D:2      | Reached XP level 4. HP: 24/28 MP: 6/6
   716 | D:3      | Noticed Natasha
   936 | D:3      | Noticed Ijyb
   946 | D:3      | Killed Ijyb
   946 | D:3      | Reached skill level 4 in Stealth
   983 | D:3      | Killed Natasha
  1020 | D:3      | Noticed Jessica
  1029 | D:3      | Killed Jessica
  1029 | D:3      | Reached XP level 5. HP: 31/33 MP: 8/8
  1082 | D:4      | Found a sparkling altar of Nemelex Xobeh.
  1175 | D:4      | Reached skill level 5 in Stealth
  1264 | D:4      | Found a staircase to the Ecumenical Temple.
  1415 | Temple   | Entered the Ecumenical Temple
  1490 | Temple   | Became a worshipper of Xom the Fickle
  1496 | Temple   | Fell from the grace of Xom
  1496 | Temple   | Became a worshipper of Fedhas Madash
  1577 | D:2      | XOM: summons 3 hostile shadow creatures
  1939 | D:1      | XOM: god gift: scroll labeled EKLIOG NIGEIL
  2089 | D:2      | Reached XP level 6. HP: 36/38 MP: 9/9
  2306 | D:2      | XOM: medium Summ miscast
  2307 | D:2      | Noticed a soul eater
  2861 | D:4      | XOM: severe Hex miscast
  2890 | D:4      | Gained mutation: Your flesh is cold resistant. [mutagenic glow]
  2906 | D:4      | Learned a level 2 spell: Repel Missiles
  2912 | D:4      | Reached skill level 6 in Stealth
  2929 | D:4      | Reached skill level 1 in Invocations
  2951 | D:4      | Reached XP level 7. HP: 26/43 MP: 10/10
  3001 | D:4      | XOM: medium Air miscast
  3006 | D:4      | Gained mutation: Your muscles are strong. (Str +2) [potion of mutation]
  3006 | D:4      | Gained mutation: You have supernaturally acute eyesight. [potion of mutation]
  3006 | D:4      | Gained mutation: You possess an exceptional clarity of mind. [potion of mutation]
  3007 | D:4      | Succumbed to poison (poison gas)

Vault maps used:
D:1:      lightli_arrival_quake
D:3:      uniq_jessica, uniq_iyjb, uniq_natasha
D:4:      nemelex_xobeh_ov_fountains_minmay, temple_green,
          kennysheep_generic_room_6
Temple:   jpeg_temple_clearing_12

Action                   |  1- 3 |  4- 6 |  7- 9 || total
-------------------------+-------+-------+-------++-------
Melee: Short sword       |    44 |    83 |     1 ||   128
  Use: Scroll            |       |     3 |       ||     3
       Potion            |       |       |     2 ||     2
 Stab: Sleeping          |    11 |    18 |     1 ||    30
  Eat: Bread ration      |     1 |     1 |       ||     2
       Chunk             |       |     2 |       ||     2
       Royal jelly       |       |     1 |       ||     1
